 Dungeon Sprint DCSS version 0.26.1-11-gd32895ea62 (webtiles) character file.

Game seed: 14497896462285420993

13437 Zeld the Tortoise (level 11, -2/117 HPs)
             Began as a Minotaur Berserker on June 14, 2021.
             Was a High Priest of Trog.
             Killed from afar by a fire giant (20 damage)
             ... with a fireball
             ... in the Dungeon (Sprint I: "Red Sonja").
             The game lasted 00:06:03 (6575 turns).

Zeld the Tortoise (Minotaur Berserker)              Turns: 6575, Time: 00:06:04

Health: -2/117     AC:  9    Str: 23 (24) XL:     11   Next: 75%
Magic:  7/7        EV: 16    Int:  4      God:    Trog [*****.]
Gold:   391        SH:  0    Dex:  5 (7)  Spells: 10/10 levels left

rFire    + . .     SeeInvis .   a - +8 battleaxe (vorpal)
rCold    . . .     Faith    .   (shield currently unavailable)
rNeg     . . .     Spirit   .   j - +0 animal skin
rPois    +         Reflect  .   (helmet restricted)
rElec    .         Harm     .   (no cloak)
rCorr    .         Rampage  .   o - +2 pair of gloves
Will     .....     Rnd*Rage +   p - +1 pair of boots Stlth +.........NoTele +
                                (no amulet)
HPRegen  0.29/turn              r - ring of poison resistance
MPRegen  0.10/turn              (no ring)

@: berserk cooldown, studying Armour
A: retaliatory headbutt, horns 2, berserk 1, blurry vision 3, clumsy 1, deformed
body, deterioration 2, fire resistance 1, low mp 2, weak 1, subdued magic 1
a: Renounce Religion, Berserk, Trog's Hand, Brothers in Arms


You were in the Dungeon.
You worshipped Trog.
Trog was extremely pleased with you.
You visited 1 branch You collected 1233 gold pieces.
You spent 842 gold pieces at shops.

Inventory:

Hand Weapons
 a - a +8 vorpal battleaxe (weapon)
 b - a +4 executioner's axe of flaming
Armour
 j - a +0 animal skin (worn)
 o - a +2 pair of gloves (worn)
 p - a +1 pair of boots (worn)
Jewellery
 r - a ring of poison resistance (left hand)
Wands
 i - a wand of flame (14)
Scrolls
 h - 2 scrolls of blinking
 k - a scroll of magic mapping
 l - 2 scrolls of fear
 m - 6 scrolls of identify
Potions
 c - 4 potions of curing
 d - 2 potions of heal wounds
 e - a potion of haste
 f - 2 potions of magic
 g - a potion of berserk rage
 n - a potion of flight
Books
 q - a manual of Armour


   Skills:
 + Level 17.2 Fighting
 * Level 17.2 Axes
 + Level 17.5 Armour
 + Level 15.7 Dodging


You had 10 spell levels left.
You didn't know any spells.
Your spell library was empty.

Dungeon Overview and Level Annotations

Branches:
Dungeon (1/1)

Altars:
Cheibriados
Dithmenos
Elyvilon
Fedhas
Gozag
Hepliaklqana
Kikubaaqudgha
Makhleb
Nemelex Xobeh
Okawaru
Qazlal
Ru
Sif Muna
Trog
Uskayaw
Vehumet
Wu Jian
Xom
Yredelemnul
Zin
The Shining One
Jiyva
Lugonu

Shops:
D :=??(*[


Innate Abilities, Weirdness & Mutations

You reflexively headbutt those who attack you in melee.
You have a pair of horns on your head.
You tend to lose your temper in combat.
Scrolls take you much longer to read.
You are clumsy. (Dex -2)
Armour fits poorly on your strangely shaped body.
Your body often deteriorates upon taking damage.
Your flesh is heat resistant. (rF+)
Your magical capacity is very low. (-20% MP)
You are weak. (Str -2)
Your spells are a little easier to cast, but a little less powerful.


Message History

Your body deteriorates!
You feel weakened.
The daeva calls down the wrath of the Shining One upon you.
The Shining One smites you!
Your body deteriorates!
You feel clumsy.
The fire giant gestures at you while chanting.
The bolt of fire hits you! You resist.
The daeva calls down the wrath of the Shining One upon you.
The Shining One smites you!
The daeva calls down the wrath of the Shining One upon you.
The Shining One smites you!
* * * LOW HITPOINT WARNING * * *
The fire giant points at you and mumbles some strange words.
The fireball explodes!
The fireball engulfs you! You resist.
* * * LOW HITPOINT WARNING * * *
Your body deteriorates!
You feel clumsy.
There is an open door, spattered with blood here.
You feel yourself speed up. The fire giant casts a spell at you.
The fireball explodes!
The fireball engulfs you!! You resist.
You die...

#####################************
.')..#(.#§§§)§§§§§§.+,,*^^+,,,,*,
.#)§§##'#§####§§§§§##,,+^^*,,,,**
##..§'..#§#,*##§@§#####**+*,,,,,*
,#####§§§§#+*,###§#.[)##,,*,,,,,*
,*,,*#+####^,,*,#.##...#,,**,,,,*
,+,,*,,,^,*,,,**#C§###.#,,≈***+**
,*,,*,,,,,+,,,,,##.#A#.#,,≈,,*,**
#**+***,,,*^,,,,#..###.#,,≈,**+*,
###,+,*,,^***++*#.##...#,,≈**,,,^
#[##*,*,,***,,**#..#+###,,≈*,,,,,
'.∩#*,*,,****,,*##...#,≈,,**,,,,,


You could see a fire giant.

Vanquished Creatures
  A fire giant (D)
  Sonja (D)
  A deep troll (D)
  5 unseen horrors (D)
  A lindwurm (D)
  8 shining eyes (D)
  2 kobold demonologists (D)
  4 demonic crawlers (D)
  A slime creature (D)
  Sigmund (D)
  A yak (D)
  13 hogs (D)
  5 floating eyes (D)
  An ogre (D)
  A jelly (D)
  Ijyb (D)
47 creatures vanquished.

Vanquished Creatures (collateral kills)
  A fire giant (D)
1 creature vanquished.

Vanquished Creatures (others)
  A gargoyle (D)
  2 ballistomycete spores (D)
3 creatures vanquished.

Grand Total: 51 creatures vanquished

Notes
Turn   | Place    | Note
-------+----------+-------------------------------------------
     0 | D        | Zeld the Minotaur Berserker began the quest for the Orb.
     0 | D        | Reached XP level 1. HP: 19/19 MP: 0/0
     2 | D        | Noticed Ijyb
     6 | D        | Killed Ijyb
     7 | D        | Reached skill level 5 in Axes
     7 | D        | Reached XP level 2. HP: 28/28 MP: 1/1
    52 | D        | Noticed an ogre
    54 | D        | Killed an ogre
    55 | D        | Reached skill level 5 in Armour
    55 | D        | Reached XP level 3. HP: 37/37 MP: 2/2
    55 | D        | Reached XP level 4. HP: 44/44 MP: 3/3
   385 | D        | Noticed Sigmund
   391 | D        | Killed Sigmund
   391 | D        | Reached ** piety under Trog
   392 | D        | Reached skill level 10 in Axes
   392 | D        | Reached XP level 5. HP: 52/52 MP: 4/4
   429 | D        | Killed a gargoyle
   591 | D        | Found a burning altar of Makhleb.
   591 | D        | Found a viscous altar of Jiyva.
   591 | D        | Found a shimmering altar of Xom.
   591 | D        | Found a corrupted altar of Lugonu.
   591 | D        | Noticed a slime creature
   601 | D        | Killed a slime creature
   602 | D        | Reached XP level 6. HP: 62/62 MP: 5/5
   826 | D        | Noticed a kobold demonologist
   826 | D        | Noticed a floating eye
   828 | D        | Paralysed by a floating eye for 2 turns
   832 | D        | Killed a floating eye
   833 | D        | Reached XP level 7. HP: 69/69 MP: 6/6
   833 | D        | Noticed a kobold demonologist
   834 | D        | Noticed an ice devil
   834 | D        | Noticed an ice devil
   840 | D        | Killed a kobold demonologist
   840 | D        | Reached *** piety under Trog
   844 | D        | Killed a kobold demonologist
   845 | D        | Reached skill level 10 in Fighting
   845 | D        | Reached XP level 8. HP: 79/79 MP: 7/7
  1054 | D        | Found an ornate altar of the Wu Jian Council.
  1054 | D        | Found a shimmering blue altar of Sif Muna.
  1056 | D        | Found a radiant altar of Vehumet.
  1139 | D        | Found Cipiyl's Magic Scroll Emporium.
  1139 | D        | Found an ancient bone altar of Kikubaaqudgha.
  1139 | D        | Found a hazy altar of Hepliaklqana.
  1139 | D        | Found a hide-covered altar of Uskayaw.
  1139 | D        | Found a basalt altar of Yredelemnul.
  1139 | D        | Found an opulent altar of Gozag.
  1139 | D        | Found a snail-covered altar of Cheibriados.
  1139 | D        | Found a sacrificial altar of Ru.
  1139 | D        | Found a shadowy altar of Dithmenos.
  1145 | D        | Reached **** piety under Trog
  1146 | D        | Reached skill level 10 in Armour
  1146 | D        | Found a stormy altar of Qazlal.
  1146 | D        | Found a blossoming altar of Fedhas.
  1146 | D        | Found a bloodstained altar of Trog.
  1146 | D        | Found an iron altar of Okawaru.
  1146 | D        | Found a glowing golden altar of the Shining One.
  1146 | D        | Found a glowing silver altar of Zin.
  1146 | D        | Found a white marble altar of Elyvilon.
  1150 | D        | Found a sparkling altar of Nemelex Xobeh.
  1334 | D        | Bought a scroll of enchant armour for 75 gold pieces
  1334 | D        | Bought a scroll of blinking for 75 gold pieces
  1334 | D        | Bought a scroll of fear for 35 gold pieces
  1334 | D        | Bought a scroll of fear for 35 gold pieces
  1334 | D        | Bought a scroll of identify for 20 gold pieces
  1334 | D        | Bought a scroll of identify for 20 gold pieces
  1334 | D        | Bought a scroll of fear for 35 gold pieces
  1334 | D        | Bought a scroll of magic mapping for 35 gold pieces
  1504 | D        | Noticed Sonja
  1509 | D        | Killed Sonja
  1510 | D        | Reached skill level 10 in Dodging
  1991 | D        | Noticed a deep troll
  2003 | D        | Killed a deep troll
  2004 | D        | Reached XP level 9. HP: 90/90 MP: 8/8
  2246 | D        | Found Zupsux's Armour Emporium.
  2251 | D        | Bought a +0 pair of gloves for 58 gold pieces
  2251 | D        | Bought a +0 pair of boots for 58 gold pieces
  2298 | D        | Found Fazy's Book Boutique.
  2496 | D        | Noticed a shining eye
  2496 | D        | Noticed a shining eye
  2496 | D        | Noticed a shining eye
  2496 | D        | Noticed a shining eye
  2496 | D        | Noticed a shining eye
  2496 | D        | Noticed a shining eye
  2496 | D        | Gained mutation: Your mind is acute. (Int +2) [a shining
                  | eye]
  2499 | D        | Paralysed by a floating eye for 3 turns
  2499 | D        | Gained mutation: You are frail. (-10% HP) [a shining eye]
  2500 | D        | Gained mutation: Your flesh is heat resistant. (rF+) [a
                  | shining eye]
  2505 | D        | Reached ***** piety under Trog
  2506 | D        | Gained mutation: Your magical capacity is low. (-10% MP) [a
                  | shining eye]
  2507 | D        | Lost mutation: You are frail. (-10% HP) [a shining eye]
  2507 | D        | Gained mutation: Your body sometimes deteriorates upon
                  | taking damage. [a shining eye]
  2508 | D        | Killed a shining eye
  2510 | D        | Gained mutation: Scrolls take you a little longer to read.
                  | [a shining eye]
  2513 | D        | Killed a shining eye
  2515 | D        | Gained mutation: You are clumsy. (Dex -2) [a shining eye]
  2518 | D        | Killed a shining eye
  2519 | D        | Killed a shining eye
  2520 | D        | Reached XP level 10. HP: 102/103 MP: 8/8
  2522 | D        | Killed a shining eye
  2522 | D        | Received a gift from Trog
  2526 | D        | Gained mutation: You tend to lose your temper in combat. [a
                  | shining eye]
  2528 | D        | Lost mutation: You are clumsy. (Dex -2) [a shining eye]
  2531 | D        | Killed a shining eye
  2564 | D        | Noticed a shining eye
  2564 | D        | Noticed a shining eye
  2564 | D        | Gained mutation: Armour fits poorly on your strangely
                  | shaped body. [a shining eye]
  2565 | D        | Gained mutation: Your spells are a little easier to cast,
                  | but a little less powerful. [a shining eye]
  2570 | D        | Gained mutation: You are clumsy. (Dex -2) [a shining eye]
  2571 | D        | Gained mutation: Your magical capacity is very low. (-20%
                  | MP) [a shining eye]
  2572 | D        | Gained mutation: Your body often deteriorates upon taking
                  | damage. [a shining eye]
  2576 | D        | Gained mutation: Scrolls take you longer to read. [a
                  | shining eye]
  2577 | D        | Lost mutation: Your mind is acute. (Int +2) [a shining eye]
  2578 | D        | Gained mutation: You are weak. (Str -2) [a shining eye]
  2580 | D        | Killed a shining eye
  2581 | D        | Reached skill level 15 in Armour
  2585 | D        | Gained mutation: Scrolls take you much longer to read. [a
                  | shining eye]
  2586 | D        | Killed a shining eye
  2587 | D        | Reached skill level 15 in Fighting
  2814 | D        | Found Ijiucrot's Antique Weapon Shop.
  2814 | D        | Found Dusch's Jewellery Shoppe.
  2814 | D        | Found Sauthremi's General Store.
  2814 | D        | Found Foinlug's Magic Scroll Emporium.
  2823 | D        | Bought a scroll of enchant weapon for 82 gold pieces
  2834 | D        | Bought a scroll of identify for 24 gold pieces
  2834 | D        | Bought a scroll of identify for 24 gold pieces
  2843 | D        | Bought an uncursed ring of poison resistance for 200 gold
                  | pieces
  2846 | D        | Bought a scroll of identify for 22 gold pieces
  2846 | D        | Bought a scroll of identify for 22 gold pieces
  2846 | D        | Bought a scroll of identify for 22 gold pieces
  3018 | D        | Received a gift from Trog
  3345 | D        | Noticed a lindwurm
  3350 | D        | Killed a lindwurm
  3360 | D        | Received a gift from Trog
  3365 | D        | Reached XP level 11. HP: 95/114 MP: 7/7
  3594 | D        | Reached ****** piety under Trog
  3596 | D        | Received a gift from Trog
  3597 | D        | Reached skill level 15 in Axes
  4371 | D        | Noticed a daeva
  4378 | D        | Noticed an unseen horror
  4379 | D        | Noticed an unseen horror
  4380 | D        | Noticed an unseen horror
  4384 | D        | Killed an unseen horror
  4385 | D        | Reached skill level 15 in Dodging
  4385 | D        | Killed an unseen horror
  4391 | D        | Killed an unseen horror
  4735 | D        | Noticed an unseen horror
  4742 | D        | Killed an unseen horror
  5182 | D        | Noticed an unseen horror
  5188 | D        | Killed an unseen horror
  5188 | D        | Received a gift from Trog
  6422 | D        | Noticed a fire giant
  6431 | D        | Killed a fire giant
  6536 | D        | Noticed a fire giant
  6542 | D        | Killed a fire giant
  6562 | D        | Noticed a fire giant
  6575 | D        | Killed from afar by a fire giant

Illustrated notes

Levels and vault maps discovered:
D:        dungeon_sprint_1 [red_sonja_temple_1, red_sonja_temple_small_1]

Skill      XL: |  1  2  3  4  5  6  7  8  9 10 11 |
---------------+----------------------------------+-----
Fighting       | 4 6 7 8 10 12 14 16 17 | 17.2
Axes           | 5 7 10 11 13 14 17 | 17.2
Armour         | 3 5 7 8 9 12 14 16 17 | 17.5
Dodging        | 3 4 6 7 9 11 12 14 15 | 15.7

Action                   |  1- 3 |  4- 6 |  7- 9 | 10-12 || total
-------------------------+-------+-------+-------+-------++-------
Melee: Hand axe          |     3 |    15 |    49 |    30 ||    97
       Headbutt          |     2 |     5 |    12 |    19 ||    38
       Battleaxe         |       |       |       |    49 ||    49
Invok: Berserk           |     2 |     3 |     3 |     6 ||    14
       Trog's Hand       |       |       |     1 |       ||     1
       Brothers in Arms  |       |       |       |     2 ||     2
  Use: Scroll            |       |       |     1 |     6 ||     7
 Stab: Fleeing           |       |       |       |     1 ||     1
Armor: Animal skin       |     1 |       |     2 |    14 ||    17
Dodge: Dodged            |       |     5 |    18 |    52 ||    75
